 Dungeon Sprint DCSS version 0.18-a0-33-g9e10395 (console) character file.

18 Kellhus the Slasher (level 2, -3/25 HPs)
             Began as a Demigod Fighter on Nov 5, 2015.
             Slain by a centaur (7 damage)
             ... in the Dungeon (Sprint IX: "|||||||||||||||||||||||||||||").
             The game lasted 00:00:23 (127 turns).

Kellhus the Slasher (Demigod Fighter)                Turns: 127, Time: 00:00:23

Health: -3/25      AC:  6    Str: 19    XL:     2   Next: 36%
Magic:  4/4        EV:  7    Int: 12    God:
Gold:   0          SH:  9    Dex: 15    Spells: 0 memorised, 1 level left

rFire  . . .     SeeInvis .     a - +0 long sword
rCold  . . .     Clarity  .     b - +0 scale mail
rNeg   . . .     SustAt   +     c - +0 shield
rPois  .         Gourm    .     (no helmet)
rElec  .         Spirit   .     (no cloak)
rCorr  .         Warding  .     (no gloves)
rMut   .         NoTele   +     (no boots)
MR     .....                    (no amulet)
Stlth  ..........               (no ring)
                                (no ring)

@: not resistant to hostile enchantments, extremely unstealthy
A: high mp 1, sustain attributes
a: no special abilities


You were in the Dungeon.
You were not hungry.

You visited 1 branch

Inventory:

Hand Weapons
 a - a +0 long sword (weapon)
Armour
 b - a +0 scale mail (worn)
 c - a +0 shield (worn)
 p - a +0 helmet
 q - a +0 helmet
Jewellery
 r - a +3 ring of dexterity
Wands
 o - a wand of draining (7)
Scrolls
 k - 2 scrolls of blinking
 m - 3 scrolls of remove curse
 n - 2 scrolls of amnesia
Potions
 d - a potion of might
 f - 5 potions of curing
 g - 3 potions of heal wounds
 h - a potion of haste
 i - 4 potions of magic
Comestibles
 e - a bread ration
 l - a chunk of flesh


   Skills:
 - Level 2.6 Fighting
 + Level 5.0 Long Blades
 - Level 2.6 Armour
 - Level 2.6 Shields


You had one spell level left.
You didn't know any spells.

Dungeon Overview and Level Annotations

Branches:
Dungeon (1/1)


Innate Abilities, Weirdness & Mutations

You have an increased reservoir of magic (+10% MP).
Your attributes are resistant to harm.


Message History

You hit the centaur.
The centaur is heavily wounded.
You block the centaur's attack.
You hit the centaur.
The centaur is severely wounded.
The centaur hits you! You block the centaur's attack.
You barely miss the centaur.
The centaur is severely wounded.
The centaur hits you but does no damage.
The centaur hits you!
* * * LOW HITPOINT WARNING * * *
You closely miss the centaur.
The centaur is severely wounded.
You block the centaur's attack. The centaur barely misses you.
You barely miss the centaur.
The centaur is severely wounded.
The centaur hits you but does no damage.
The worker ant waves its antennae.
The centaur hits you!
You die...

▓_▓
▓'▓
▓!▓
▓.▓
▓|▓
▓)▓
▓.▓
▓.▓
▓[▓
▓=▓
▓@▓
▓c▓
▓a▓
▓T▓
▓Z▓
▓S▓
▓l▓
▓.▓


You could see a troll, a centaur, a worker ant, an adder, a giant gecko and a
giant gecko skeleton.

Vanquished Creatures
  A shadow imp (D)
  An adder zombie (D)
  An orc (D)
  A hobgoblin (D)
  A jackal (D)
  2 kobolds (D)
  A ball python (D)
  A giant newt (D)
  A goblin (D)
10 creatures vanquished.

Notes
Turn   | Place    | Note
--------------------------------------------------------------
     0 | D        | Kellhus the Demigod Fighter began the quest for the Orb.
     0 | D        | Reached XP level 1. HP: 18/18 MP: 3/3
     9 | D        | Reached skill level 3 in Long Blades
    28 | D        | Reached skill level 4 in Long Blades
    28 | D        | Reached XP level 2. HP: 25/25 MP: 4/4
    33 | D        | Reached skill level 5 in Long Blades
    79 | D        | Found a glowing silver altar of Zin.
    79 | D        | Found a glowing golden altar of the Shining One.
    79 | D        | Found an ancient bone altar of Kikubaaqudgha.
    79 | D        | Found a basalt altar of Yredelemnul.
    79 | D        | Found a shimmering altar of Xom.
    79 | D        | Found a radiant altar of Vehumet.
    80 | D        | Found an iron altar of Okawaru.
    81 | D        | Found a burning altar of Makhleb.
    82 | D        | Found a deep blue altar of Sif Muna.
    83 | D        | Found a bloodstained altar of Trog.
    84 | D        | Found a sparkling altar of Nemelex Xobeh.
    85 | D        | Found a white marble altar of Elyvilon.
    86 | D        | Found a roughly hewn altar of Beogh.
    87 | D        | Found a viscous altar of Jiyva.
    88 | D        | Found a corrupted altar of Lugonu.
    89 | D        | Found a blossoming altar of Fedhas.
    90 | D        | Found a snail-covered altar of Cheibriados.
    91 | D        | Found a shadowy altar of Dithmenos.
    92 | D        | Found a stormy altar of Qazlal.
    93 | D        | Found an opulent altar of Gozag.
    94 | D        | Found a sacrificial altar of Ru.
   119 | D        | Noticed a centaur
   119 | D        | Noticed a troll
   127 | D        | Slain by a centaur

Vault maps used:
D:        linesprint

Action                   || total
-------------------------++-------
Melee: Long sword        ||    28
  Use: Potion            ||     1
